 Dungeon Crawl Stone Soup version 0.28.0-53-g5a82cb258f (webtiles) character file.

Game seed: 5867044774330911296

1472 Zeld the Conjurer (level 8, -9/57 HPs)
             Began as a Black Draconian Conjurer on June 13, 2022.
             Shot with an arrow by a centaur (11 damage)
             ... on level 7 of the Dungeon.
             The game lasted 00:11:24 (9117 turns).

Zeld the Conjurer (Black Draconian Conjurer)        Turns: 9117, Time: 00:11:25

Health: -9/57      AC:  7    Str: 10    XL:     8   Next: 49%
Magic:  5/17       EV: 12    Int: 21    God:
Gold:   273        SH:  0    Dex:  9    Spells: 8/19 levels left

rFire   . . .      SeeInvis .   m - +2 dagger (speed)
rCold   . . .      Faith    .   (no shield)
rNeg    . . .      Spirit   .   (armour unavailable)
rPois   .          Reflect  .   (helmet restricted)
rElec   +          Harm     .   (no cloak)
rCorr   .          Rampage  .   d - +0 pair of gloves
Will    .....                   (no boots)
Stlth   ++........              (no amulet)
HPRegen 0.19/turn               (no ring)
MPRegen 0.15/turn               (no ring)

@: short of breath, very slightly contaminated
A: breathe lightning, AC +6, unfitting armour, electricity resistance,
cold-blooded
a: Breathe Lightning


You were on level 7 of the Dungeon.
You visited 1 branch of the dungeon, and saw 7 of its levels.
You also visited: Sewer.

You collected 273 gold pieces.

Inventory:

Hand Weapons
 m - a +2 dagger of speed (weapon)
Armour
 d - a +0 pair of gloves (worn)
Wands
 r - a wand of paralysis (13)
 t - a wand of flame (15)
Scrolls
 a - 2 scrolls of immolation {unknown}
 b - 3 scrolls of enchant armour {unknown}
 c - 2 scrolls of vulnerability {unknown}
 g - 2 scrolls of teleportation {unknown}
 i - 2 scrolls of enchant weapon {unknown}
 j - 4 scrolls of magic mapping {unknown}
 k - a scroll of silence {unknown}
 l - 2 scrolls of blinking {unknown}
 n - 2 scrolls of identify {unknown}
 p - 2 scrolls of brand weapon {unknown}
 q - 2 scrolls of amnesia {unknown}
 u - a scroll of summoning {unknown}
Potions
 e - a potion of lignification {unknown}
 f - a potion of mutation {unknown}
 h - a potion of cancellation {unknown}
 o - a potion of attraction {unknown}
 s - a potion of curing {unknown}
 v - 2 potions of heal wounds {unknown}
 w - a potion of invisibility {unknown}


   Skills:
 + Level 4.4 Dodging
 - Level 1.7 Stealth
 * Level 6.0 Spellcasting
 * Level 7.5 Conjurations
 - Level 2.0 Hexes
 - Level 2.0 Translocations
 + Level 0.1 Evocations


You had 8 spell levels left.
You knew the following spells:

 Your Spells              Type           Power      Damage    Failure   Level
a - Magic Dart            Conj           100%       1d8       1%          1
b - Searing Ray           Conj           76%        2d7       1%          2
c - Fulminant Prism       Conj/Hex       13%        3d9       14%         4
d - Iskenderun's Mystic   Conj/Tloc      26%        2d7       14%         4

Your spell library contained the following spells:

 Spells                   Type           Power      Damage    Failure   Level
 Apportation              Tloc           28%        N/A       4%          1
 Dazzling Flash           Conj/Hex       52%        N/A       4%          3
 Animate Skeleton         Necr           12%        N/A       10%         1
 Summon Small Mammal      Summ           24%        N/A       10%         1
 Cause Fear               Hex            7%         N/A       38%         4
 Dragon Form              Tmut           3%         N/A       100%        7
 Dragon's Call            Summ           3%         N/A       100%        9


Dungeon Overview and Level Annotations

Branches:
Dungeon (7/15)              Sewer (visited)
 Temple: D:4-7

Altars:
Okawaru

Shops:
D:2 :

Annotations:
D:4 1 runed translucent door, Grinder; Sin92's ghost, amateur DsFi
D:7 Maggie; Pikel


Innate Abilities, Weirdness & Mutations

You can breathe wild blasts of lightning.
Your glossy black scales are hard. (AC +6)
You cannot fit into any form of body armour.
You are resistant to electric shocks. (rElec)
You are cold-blooded and may be slowed by cold attacks.


Message History

The bolt of lightning hits the jelly!
You kill the jelly!
You hear a mighty clap of thunder! x2; You hear a shout! x13
The centaur hits you.
The centaur kicks you but does no damage.
A centaur comes into view.
The centaur barely misses you.
The centaur kicks you but does no damage.
Unknown command.
Unknown command.
Unknown command.
Unknown command.
Okay, then.
The centaur wields a +0 shortbow.
The centaur shoots an arrow.
The arrow misses you.
The centaur shoots an arrow.
The arrow hits you!
The centaur wields a +0 shortbow.
The centaur shoots an arrow.
The arrow hits you.
* * * LOW HITPOINT WARNING * * *
The centaur shoots an arrow.
The arrow hits you.
* * * LOW HITPOINT WARNING * * *
The centaur shoots an arrow.
The arrow closely misses you.
You see here 6 poisoned darts.
The centaur shoots an arrow.
The arrow completely misses you.
The centaur shoots an arrow.
The arrow barely misses you.
You see here 18 gold pieces.
The centaur shoots an arrow.
The arrow hits you.
* * * LOW HITPOINT WARNING * * *
The centaur shoots an arrow.
The arrow hits you!
* * * LOW HITPOINT WARNING * * *
Maggie casts a spell.
Maggie attempts to bespell you!
You are mesmerised by Maggie!
You break out of your daze!
Found a stone staircase leading down.
An ice beast comes into view.
The centaur shoots an arrow.
The arrow hits you.
* * * LOW HITPOINT WARNING * * *
The centaur shoots an arrow.
The arrow hits you!
You die...

.##.#$....###..........
..#.#......#..#..(......
......@......^#....#.>..
.........###..#...........
..##...c.##................
..##.....(##.##............
.........$##.#.............
......##...#c..............
.......#.......#@#.........
.......##......#.#.........
...........................
c...............##.<.......
.....##........<.#.........
.....##.Y..................
......................
..............#.....#.
..####(#.......#..#


You could see a centaur.

Vanquished Creatures
  A black bear (D:6)
  A sky beast (D:6)
  3 ogres
  A centaur (D:5)
  Blork the orc (D:4)
  A bullfrog (D:6)
  A scorpion (D:4)
  2 water moccasin skeletons (D:4)
  A howler monkey (D:5)
  A hound (D:3)
  4 jellies
  2 orc priests (D:6)
  3 orc wizards
  Terence (D:3)
  A hell rat (Sewer)
  A hound skeleton (D:4)
  10 gnolls
  2 river rats (Sewer)
  4 adders
  2 shadow imps
  4 worms
  6 dart slugs
  19 orcs
  7 endoplasms
  7 giant cockroaches
  7 hobgoblins
  4 kobolds
  6 quokkas
  3 ball pythons
  3 bats (D:2)
  7 frilled lizards
  5 goblins
  13 rats
134 creatures vanquished.

Vanquished Creatures (others)
  A fulminant prism (D:4)
1 creature vanquished.

Grand Total: 135 creatures vanquished

Notes
Turn   | Place    | Note
-------+----------+-------------------------------------------
     0 | D:1      | Zeld the Draconian Conjurer began the quest for the Orb.
     0 | D:1      | Reached XP level 1. HP: 14/14 MP: 3/3
   269 | D:1      | Reached XP level 2. HP: 11/20 MP: 1/5
  1554 | D:2      | Learned a level 2 spell: Searing Ray
  1581 | D:2      | Found Jiselom's Book Shoppe.
  1592 | D:2      | Reached XP level 3. HP: 21/26 MP: 0/6
  2142 | D:2      | Reached XP level 4. HP: 29/33 MP: 4/8
  2524 | D:2      | Found an iron altar of Okawaru.
  2760 | D:2      | You fall into a shaft and drop 1 floor!
  3457 | D:3      | Reached skill level 5 in Conjurations
  3459 | D:3      | Reached XP level 5. HP: 30/38 MP: 4/10
  3617 | D:3      | Learned a level 4 spell: Fulminant Prism
  3843 | D:3      | Noticed Terence
  3853 | D:3      | Killed Terence
  4092 | D:4      | Found a runed translucent door.
  4254 | D:4      | Reached XP level 6. HP: 6/45 MP: 0/11
  4543 | D:4      | Learned a level 4 spell: Iskenderun's Mystic Blast
  4654 | D:4      | Reached skill level 1 in Translocations
  4687 | D:4      | Reached skill level 1 in Hexes
  5047 | D:4      | Noticed Grinder
  5429 | D:4      | Noticed Sin92's ghost (amateur DsFi)
  5456 | D:4      | Noticed Blork the orc
  5461 | D:4      | Killed Blork the orc
  5462 | D:4      | Reached skill level 6 in Conjurations
  5462 | D:4      | Your scales start taking on a glossy black colour.
  5462 | D:4      | Reached XP level 7. HP: 48/50 MP: 5/13
  5462 | D:4      | Gained mutation: You are resistant to electric shocks.
                  | (rElec) [Black Draconian growth]
  6432 | D:5      | Entered Level 5 of the Dungeon
  7557 | D:5      | Reached skill level 5 in Spellcasting
  8211 | D:6      | Reached XP level 8. HP: 34/57 MP: 5/15
  8355 | D:6      | Reached skill level 7 in Conjurations
  8585 | D:6      | Found a glowing drain.
  8591 | Sewer    | Entered a sewer
  9097 | D:7      | Noticed Maggie
  9098 | D:7      | Noticed Pikel
  9116 | D:7      | HP: 2/57 [centaur/arrow (3)]
  9117 | D:7      | Shot with an arrow by a centaur

Illustrated notes

Levels and vault maps discovered:
D:1:      dpeg_arrival_simpleton_b, layout_loops_ring
D:2:      layout_loops_corners, serial_shops, nicolae_diamond_shop, basic_altar
D:3:      layout_rooms, uniq_terence
D:4:      layout_loops_corners, hellmonk_ghost_happy_afterlife,
          uniq_blork_the_orc, uniq_grinder
D:5:      layout_basic
D:6:      layout_basic, portal_sewer_entry_e, mrwooster_statue_mirror,
          grunt_ministairs_6
D:7:      layout_cave_pools, minmay_temple_entry_stoned_glass, serial_shops,
          nicolae_shop_bloodbath_and_beyond, grunt_ministairs_2,
          chequers_serial_rivers_room_b, minmay_manual_mares, uniq_maggie,
          uniq_menkaure, uniq_pikel

Skill      XL: |  1  2  3  4  5  6  7  8 |
---------------+-------------------------+-----
Dodging        | 2 3 4 |  4.4
Spellcasting   | 3 4 5 6 |  6.0
Conjurations   | 5 6 7 |  7.5
Translocations | 1 2 |  2.0
Hexes          | 1 2 |  2.0
Stealth        | |  1.7
Evocations     | |  0.1

Action                   |  1- 3 |  4- 6 |  7- 9 || total
-------------------------+-------+-------+-------++-------
Melee: Unarmed           |    56 |    32 |       ||    88
       Tailslap          |     6 |     8 |     1 ||    15
       Punch             |     1 |       |       ||     1
       Dagger            |       |    22 |    22 ||    44
 Cast: Magic Dart        |    44 |    54 |     9 ||   107
       Searing Ray       |     7 |    27 |    32 ||    66
       Iskenderun's Myst |       |       |     4 ||     4
       Fulminant Prism   |       |       |     1 ||     1
 Abil: Breathe Lightning |       |       |    13 ||    13
 Stab: Sleeping          |     2 |     1 |       ||     3
       Distracted        |       |     1 |       ||     1
Armor: Skin              |    23 |    24 |    30 ||    77
Dodge: Dodged            |    55 |    65 |    69 ||   189
